Map: World of Sleepers LE

Players

MrMcDirtNsty - Winner!

  • Race: Protoss Protoss
  • League: Platinum
  • Spawn Location: 7:00

pHARM

  • Race: Zerg Zerg
  • League: Platinum
  • Spawn Location: 1:00

VOD

Have the link to the VOD?

Description

Time

  • Played on: Aug. 24, 2019, 9:30 p.m.
  • Length: 14:37
Show
View Real Time Build Order
Export as new Build Order

MrMcDirtNsty Protoss - Winner!

Build Orders: 1 Gate Expand, Archon Immortal 

Get SALT Encoding   

  12  0:02  Probe  
  13  0:14  Probe  
  14  0:18  Pylon  
  14  0:26  Probe  
  15  0:38  Probe  
  15  0:42  Gateway  
  16  0:50  Probe  
  16  0:52  Assimilator  
  17  1:00  Probe  
  18  1:08  Probe  
  18  1:16  Probe  
  20  1:28  Probe  
  20  1:30  Nexus  
  21  1:40  Cybernetics Core  
  21  1:48  Pylon  
  21  1:53  Probe  
  22  1:59  Assimilator  
  22  2:08  Adept  
  22  2:12  Probe  
  23  2:19  Warp Gate  
  25  2:24  Probe  
  26  2:36  Probe  
  27  2:38  Adept  
  29  2:45  Probe  
  29  2:49  Probe  
  31  2:54  Twilight Council  
  31  2:57  Probe  
  32  3:01  Probe  
  33  3:07  Pylon  
  33  3:09  Pylon, Probe  
  34  3:13  Probe  
  34  3:18  Stalker  
  37  3:21  Charge  
  37  3:22  Probe  
  37  3:25  Probe  
  39  3:30  Pylon  
  40  3:34  Probe  
  40  3:37  Probe, Assimilator  
  40  3:39  Assimilator  
  41  3:46  Probe  
  42  3:49  Probe, Sentry  
  42  3:54  Gateway  
  45  3:57  Gateway  
  45  4:00  Gateway  
  45  4:07  Probe x2  
  47  4:17  Robotics Facility  
  47  4:19  Probe x2  
  49  4:25  Stalker  
  51  4:31  Probe  
  51  4:36  Probe  
  51  4:37  Shield Battery  
  51  4:38  Shield Battery  
  53  4:43  Probe  
  54  4:48  Probe  
  55  4:56  Zealot x4  
  63  5:05  Pylon  
  63  5:06  Immortal  
  67  5:07  Pylon  
  67  5:09  Pylon  
  67  5:20  Forge  
  68  5:28  Probe x2  
  68  5:34  Stalker x4  
  77  5:43  Nexus  
  77  5:51  Immortal  
  81  6:00  Zealot x3  
  79  6:06  Zealot  
  73  6:21  Pylon  
  73  6:23  Pylon  
  73  6:26  Zealot x2  
  73  6:27  Zealot x2  
  73  6:31  Immortal  
  85  6:36  Probe x2  
  87  6:40  Protoss Ground Weapons Level 1  
  87  6:46  Templar Archives  
  87  6:48  Probe x2  
  89  6:55  Assimilator  
  89  6:57  Probe  
  89  7:00  Probe x2  
  92  7:08  Zealot, Adept  
  96  7:16  Probe  
  96  7:17  Probe x2  
  96  7:21  Shield Battery x2  
  96  7:22  Assimilator  
  99  7:28  Immortal  
  99  7:29  Probe x3  
  106  7:36  Gateway  
  106  7:38  Gateway  
  106  7:41  Gateway  
  106  7:43  Gateway  
  106  7:47  Pylon  
  106  7:58  Gateway  
  106  7:59  Gateway  
  106  8:02  Gateway  
  106  8:07  Gateway, Probe  
  106  8:10  Pylon  
  106  8:12  Psionic Storm, Pylon  
  107  8:28  Pylon  
  107  8:36  High Templar  
  107  8:37  High Templar x4  
  107  8:38  High Templar x3  
  123  8:57  Stalker x3  
  123  9:00  Immortal  
  133  9:08  Sentry  
  133  9:09  Sentry  
  122  9:37  High Templar x2, Nexus  
  122  9:38  High Templar x4  
  134  9:40  Zealot x3  
  134  9:41  Zealot  
  140  9:47  Archon x3  
  139  10:12  Warp Prism  
  141  10:19  Robotics Facility  
  141  10:20  Shield Battery  
  141  10:32  Pylon  
  141  10:33  Pylon  
  141  10:36  Pylon  
  141  10:38  Pylon  
  141  10:40  Pylon  
  115  10:48  Immortal  
  113  11:03  Zealot x3  
  113  11:04  Zealot x9  
  103  11:27  Immortal  
  103  11:29  High Templar  
  103  11:31  High Templar x2  
  103  11:32  High Templar x3  
  117  11:33  High Templar  
  117  11:35  High Templar  
  121  11:40  High Templar  
  121  11:42  Zealot x2  
  121  11:43  Zealot  
  117  12:01  Immortal  
  117  12:03  High Templar x2  
  117  12:04  Nexus  
  101  12:17  Immortal, High Templar  
  99  12:36  Immortal  
  103  12:44  Assimilator  
  103  12:47  Zealot x6  
  103  12:48  Zealot x3, Assimilator  
  103  12:49  Zealot x3  
  103  12:51  Pylon  
  127  12:52  Pylon  
  127  13:00  Immortal  
  131  13:11  High Templar  
  131  13:12  High Templar  
  135  13:14  Zealot x5  
  135  13:15  Immortal  
  135  13:17  Probe x3  
  152  13:30  Probe x2  
  154  13:40  Observer  
  149  13:54  Observer  
  128  14:01  Archon x3  
  110  14:03  Zealot x3  
  110  14:04  Zealot x8  
  110  14:05  Zealot  
  134  14:32  High Templar x5  
  134  14:33  High Templar x4  
  134  14:34  High Templar  
  134  14:37  Archon x2  
Show
View Real Time Build Order
Export as new Build Order

pHARM Zerg 

Build Orders: Hatch First, Roach Hydra 

Get SALT Encoding   

  12  0:01  Drone  
  13  0:13  Overlord  
  13  0:24  Drone  
  14  0:32  Drone x2  
  16  0:37  Drone  
  17  0:57  Hatchery  
  16  1:05  Drone x2  
  18  1:16  Drone  
  19  1:20  Spawning Pool  
  19  1:22  Drone  
  19  1:35  Drone  
  20  1:40  Drone  
  20  1:46  Extractor  
  20  1:51  Overlord  
  20  2:03  Drone  
  20  2:08  Queen  
  21  2:09  Queen  
  21  2:12  Drone  
  26  2:27  Drone  
  26  2:28  Drone x2  
  29  2:38  Drone x2  
  31  2:51  Hatchery  
  31  2:54  Overlord  
  30  2:58  Queen  
  30  3:00  Lair  
  30  3:03  Drone x4  
  36  3:18  Evolution Chamber  
  35  3:24  Drone x5  
  35  3:26  Roach Warren  
  39  3:32  Evolution Chamber  
  38  3:40  Overlord x2  
  38  3:41  Drone x2  
  40  3:44  Zerg Missile Weapons Level 1  
  40  3:52  Overlord  
  40  4:06  Glial Reconstitution  
  40  4:12  Extractor  
  40  4:13  Extractor  
  40  4:14  Drone x3  
  40  4:15  Drone x3  
  40  4:17  Drone x2  
  46  4:19  Drone  
  46  4:23  Roach  
  49  4:45  Overseer  
  49  4:48  Roach  
  49  4:49  Roach x3  
  49  4:52  Overlord x2  
  57  5:08  Roach x7  
  71  5:19  Roach x3  
  71  5:20  Overlord x3  
  77  5:26  Roach  
  77  5:27  Roach x2  
  83  5:57  Drone x10  
  83  5:58  Drone x2  
  73  6:28  Spire  
  73  6:31  Extractor  
  73  6:32  Drone x9  
  80  6:33  Extractor  
  80  6:48  Hydralisk Den  
  79  7:08  Zerg Missile Weapons Level 2  
  79  7:09  Zerg Ground Armor Level 1  
  79  7:12  Roach x11  
  79  7:13  Overlord, Roach x2  
  105  7:18  Grooved Spines, Extractor  
  105  7:20  Overlord  
  104  7:24  Drone  
  104  7:25  Drone  
  106  7:38  Hydralisk x5  
  106  7:39  Hydralisk  
  118  7:46  Drone  
  118  7:49  Overlord x2  
  119  8:12  Drone  
  120  8:18  Hydralisk  
  120  8:19  Hydralisk x8  
  138  8:20  Overlord  
  138  8:21  Overlord, Hatchery  
  137  8:29  Muscular Augments  
  137  8:58  Infestation Pit  
  104  9:33  Hydralisk x9  
  104  9:34  Hydralisk x12  
  144  9:57  Hive  
  144  10:00  Hydralisk  
  144  10:01  Hydralisk x7  
  144  10:02  Overlord  
  160  10:18  Overlord x2  
  160  10:20  Hydralisk x4  
  150  10:45  Roach x15  
  146  10:58  Roach x4  
  146  10:59  Roach  
  146  11:03  Roach  
  99  11:16  Roach x7  
  105  11:27  Roach  
  105  11:29  Roach x4  
  111  11:37  Roach x6  
  117  12:02  Hatchery  
  117  12:07  Roach x10  
  106  12:18  Roach x4  
  106  12:19  Roach  
  96  12:31  Roach x4  
  96  12:35  Roach x4  
  112  12:49  Spire  
  111  13:27  Roach x4  
  111  13:28  Roach x14  
  139  13:52  Roach  
  139  13:53  Roach x10  
  137  13:58  Roach x3  
  97  14:04  Mutalisk x3  
  97  14:09  Roach  
  98  14:10  Roach x2  
Tags
 
Add a new tag
Caveats
  • Supply blocks, unpowered buildings, or Contaminate may cause inaccurate times.
  • Supply counts are checked every 10 seconds.